 Dungeon Crawl Stone Soup version 0.31-a0-940-gdaa99269f9 (webtiles) character file.

Game seed: 18140134191876718604

3926 ytrimaz the Covert (level 10, -2/57 HPs)
             Began as an Octopode Shapeshifter on Oct 20, 2023.
             Slain by a hornet (15 damage)
             ... on level 8 of the Dungeon.
             The game lasted 00:09:35 (7361 turns).

ytrimaz the Covert (Octopode Shapeshifter)          Turns: 7361, Time: 00:09:35

Health: -2/57      AC:  3    Str: 18    XL:     10   Next: 20%
Magic:  10/10      EV: 16    Int: 12    God:
Gold:   205        SH:  0    Dex: 14    Spells: 9/9 levels left

rFire   . .          .
                       - Unarmed
rCold   + . .        (shield currently unavailable)
rNeg    . . .        (helmet restricted)
rPois   +            (no amulet)
rElec   .            o - +4 ring of slaying
rCorr   .            a - ring of protection from cold
SInv    .            f - +4 ring of slaying
Will    .....        x - ring of poison resistance
Stlth   ++           (no ring)
HPRegen 0.29/turn    (no ring)
MPRegen 0.12/turn    (no ring)
                     (no ring)

%: no passive effects
@: lethally poisoned (-2 -> -13), flux-form, glowing
A: glow, contaminating, reduced hp, almost no armour, amphibious, 8 rings,
camouflage 1, gelatinous body 1, (nimble swimmer 1), tentacles, iridescent
scales 1, strong 1, inability to read after injury 1
a: Begin Untransformation


You were on level 8 of the Dungeon.
You were something dangerously unstable.
You visited 2 branches of the dungeon, and saw 9 of its levels.
You also visited: Bailey.

You collected 385 gold pieces.
You spent 180 gold pieces at shops.


Innate Abilities, Weirdness & Mutations

You are something dangerously unstable.
You glow with magical radiation, making you easy to see and hit.
Foes you strike become dangerously contaminated with magical radiation.
Your maximum health is decreased, since you lack skill for your form.
You are incapable of wielding weapons or throwing items.
You cannot wear most types of armour.
You are amphibious.
You can wear up to eight rings at the same time.
Your skin changes colour to match your surroundings (Stealth+).
Your rubbery body absorbs attacks. (AC +1, EV +1)
((You are camouflaged when in or above water. (Stealth+)))
You have tentacles for arms and can constrict up to eight enemies at once.
You are partially covered in iridescent scales. (AC +2)
Your muscles are strong. (Str +4, Int/Dex -1)
You occasionally lose the ability to read scrolls when taking damage.


   Skills:
 - Level 5.0 Fighting
 * Level 7.8 Dodging
 * Level 10.6 Stealth
 * Level 7.2 Unarmed Combat
 + Level 5.6 Shapeshifting


You had 9 spell levels left.
You didn't know any spells.
Your spell library contained the following spells:

 Spells                   Type           Power      Damage    Failure   Level
 Lesser Beckoning         Tloc           0%         N/A       45%         2
 Gell's Gravitas          Tloc           0%         N/A       69%         3
 Teleport Other           Tloc           0%         N/A       69%         3
 Alistair's Intoxication  Tmut/Pois      0%         N/A       100%        5
 Borgnjor's Vile Clutch   Necr/Erth      0%         N/A       100%        5
 Eringya's Noxious Bog    Tmut/Pois      0%         4d6       100%        6

Inventory:

Jewellery
 a - a ring of protection from cold (right tentacle)
   (You found it on level 2 of the Dungeon)
 f - a +4 ring of slaying (on tentacle)
   (You found it on level 4 of the Dungeon)
 o - a +4 ring of slaying (left tentacle)
   (You found it on level 2 of the Dungeon)
 x - a ring of poison resistance (on tentacle)
   (You found it on level 5 of the Dungeon)
Talismans
 b - a beast talisman
 c - a flux talisman (active)
Wands
 j - a wand of flame (20)
   (You took it off Natasha on level 2 of the Dungeon)
 w - a wand of polymorph (12)
   (You found it on level 5 of the Dungeon)
 y - a wand of iceblast (6) (quivered)
   (You found it on level 6 of the Dungeon)
Scrolls
 d - a scroll of fear
 g - 2 scrolls of enchant weapon
 h - a scroll of noise
 k - 5 scrolls of amnesia
 n - 2 scrolls of summoning {unknown}
 p - a scroll of poison {unknown}
 q - 3 scrolls of teleportation
 r - a scroll of brand weapon {unknown}
 u - 2 scrolls of vulnerability {unknown}
 B - a scroll of identify
 D - 2 scrolls of immolation {unknown}
 E - a scroll of blinking {unknown}
Potions
 e - 3 potions of curing
 i - a potion of attraction
 l - 3 potions of berserk rage
 m - 4 potions of brilliance
 s - 3 potions of magic
 v - a potion of degeneration
 z - 3 potions of haste
 A - 2 potions of lignification
 C - a potion of mutation

Dungeon Overview and Level Annotations

Branches:
Dungeon (8/15) Zot: 25993  Temple (1/1) D:5 Zot: 5998  Bailey (visited)
   Lair: D:8-11

Altars:
Cheibriados
Dithmenos
Elyvilon
Fedhas
Gozag
Kikubaaqudgha
Makhleb
Nemelex Xobeh
Okawaru
Qazlal
Ru
Sif Muna
Trog
Uskayaw
Wu Jian
Xom
Yredelemnul
Zin
The Shining One

Shops:
D:4

!
.............##........#.......##
.............##..................
........###+###...........)))....
.#######....###....##....##)#<...
.#...###.....##...........####...
.#.....#.....##................##
.#.....#..........#......##+####
.#.....#..........'.......
.#.....######...py#........
.#..........#...).#.........
............#...[.#..........
............#.....#...........
...........)##....#
............##....#
............##....#
............####### ............#


You could see a hornet.


Message History

You kill the orc! 😎 HP[+1]
Your hp is fully restored (56).
The orc warrior hits you with a +0 scimitar!
Items here: )) [ †. 😮 HP[-17]
You take 17 damage, and now have 39/56 hp.
MASSIVE DAMAGE!! (PAUSE)
You tentacle-slap the orc warrior but do no damage.
The orc warrior begins to glow.
You grab the orc warrior.
You constrict the orc warrior, but do no damage.
The orc misses you. The orc warrior barely misses you.
The orc shouts!
You tentacle-slap the orc warrior.
The orc warrior glows dangerously bright.
You squeeze the orc warrior. You constrict the orc warrior.
The orc warrior closely misses you. The orc closely misses you. 😮 HP[+1]
You tentacle-slap the orc warrior.
The orc warrior shudders as magic cascades through it.
The orc warrior twists and deforms.
You constrict the orc warrior. The orc hits you with a +0 hand axe.
The orc warrior closely misses you. 😮 HP[-1]
You take 1 damage, and now have 39/56 hp.
The orc shouts!
You bludgeon the orc warrior!
The orc warrior begins to glow.
You constrict the orc warrior.
You kill the orc warrior!
The orc barely misses you. 😮 HP[+1]
You now have 57 max hp (+1).
The orc attacks as it pursues you! The orc closely misses you.
The orc misses you.
Things that are here:
a +0 scimitar; a +0 chain mail You tentacle-slap the orc.
The orc begins to glow.
You grab the orc. You squeeze the orc, but do no damage. You constrict the orc.
You kill the orc!
The orc misses you. The orc hits you but does no damage. The orc misses you.
The orc hits you with a +0 club.
There is a broken door here.
Things that are here:
a +0 hand axe; a +0 ring mail You tentacle-slap the orc.
You kill the orc!
The orc attacks as it pursues you! The orc barely misses you.
Items here: ))) [ ††.
The orc barely misses you. x2
The orc barely misses you. The orc closely misses you. 😮 HP[+1]
You bludgeon the orc!
You kill the orc!
The orc hits you but does no damage. The orc hits you with a +0 club.
You see here a +0 flail. 😮 HP[-4]
You take 4 damage, and now have 37/57 hp.
You barely miss the orc. You grab the orc. You squeeze the orc!
You kill the orc! 😮 HP[+1]
Things that are here:
a +0 club; a +0 scimitar; a +0 chain mail
Items here: ))) [ ††.
Key pressed, stopping explore.
Key pressed, stopping explore.
You now have 205 gold pieces (gained 18).
Key pressed, stopping explore.
Key pressed, stopping explore.
Key pressed, stopping explore.
A hornet comes into view. 😎 HP[+19]
Your hp is fully restored (57).
A hornet is nearby!
A hornet is nearby!
A hornet is nearby!
A hornet is nearby!
A hornet is nearby!
A hornet is nearby!
The hornet buzzes angrily.
No target in view!
The hornet closely misses you.
You barely miss the hornet. Your grab misses the hornet.
Your squeeze misses the hornet. The hornet misses you. The hornet stings you!
You suddenly lose the ability to move!
The hornet stings you! x2
You shrug off the repeated paralysis!
The hornet stings you!
* * * LOW HITPOINT WARNING * * *
You are poisoned.
You feel sick. The hornet stings you!
* * * LOW HITPOINT WARNING * * *
You are more poisoned.
You can move again. 😱 HP[-55]
You take 55 damage, and now have 2/57 hp.
MASSIVE DAMAGE!! (PAUSE)
You feel much better.
* * * LOW HITPOINT WARNING * * *
You feel very sick. The hornet barely misses you. The hornet stings you!
You die...

Skill      XL: |  1  2  3  4  5  6  7  8  9 |
---------------+----------------------------+-----
Stealth        | 1 2 3 4 6 8 10 | 10.6
Fighting       | 2 3 4 5 |  5.0
Dodging        | 3 4 6 7 |  7.8
Unarmed Combat | 4 5 7 |  7.2
Shapeshifting  | 4 5 |  5.6

Action                     |  1- 3 |  4- 6 |  7- 9 | 10-12 || total
---------------------------+-------+-------+-------+-------++-------
  Melee: Unarmed           |    60 |    85 |    96 |    18 ||   259
         Constrict         |    16 |    26 |    26 |     5 ||    73
         Tentacles         |     7 |    15 |    18 |     5 ||    45
         Punch             |       |     4 |     4 |       ||     8
  Evoke: Wand              |       |       |    24 |       ||    24
    Use: Potion            |       |     5 |     1 |     1 ||     7
         Scroll            |       |     7 |     3 |     2 ||    12
   Stab: Sleeping          |    10 |    10 |    10 |     2 ||    32
 Armour: Skin              |    15 |    62 |    49 |    15 ||   141
  Dodge: Dodged            |    37 |    37 |    54 |    23 ||   151
   Form: Flux              |       |       |       |     1 ||     1

Levels and vault maps discovered:
D:1:      minmay_arrival_hallway, layout_basic
D:2:      layout_basic, grunt_decor_arrowhead, kennysheep_another_room,
          dk_vineyard_1, mrwooster_statue_mirror, uniq_jessica, uniq_natasha
D:3:      layout_rooms, minmay_misc_feat_five, minmay_ruptured
D:4:      minmay_evil_eye, layout_basic, kennysheep_mini_moat, serial_shops,
          shop, uniq_edmund, uniq_ijyb
D:5:      layout_gridville, minmay_temple_entry_poolview, kennysheep_nondescript
D:6:      layout_basic, mainiacjoe_overflow_concentric_impassable,
          mainiacjoe_overflow_alcove_1
D:7:      layout_basic, amethyst_overflow_temple_binary, enter_bailey_1
D:8:      layout_basic
Temple:   nicolae_temple_great_sept

Notes
Turn   | Place    | Note
-------+----------+-------------------------------------------
     0 | D:1      | ytrimaz the Octopode Shapeshifter began the quest for the
                  | Orb.
     0 | D:1      | Reached XP level 1. HP: 13/13 MP: 1/1
     0 | D:1      | magus.rc [v1.9.6]
   122 | D:1      | Reached skill level 1 in Stealth
   122 | D:1      | Reached XP level 2. HP: 16/18 MP: 2/2
   366 | D:1      | Reached XP level 3. HP: 23/24 MP: 3/3
   880 | D:2      | Noticed Jessica
   891 | D:2      | Killed Jessica
   892 | D:2      | Reached skill level 2 in Fighting
   892 | D:2      | Reached skill level 2 in Stealth
   990 | D:2      | HP: 6/24 [worm (7)]
   992 | D:2      | Reached XP level 4. HP: 8/29 MP: 4/4
  1203 | D:2      | Identified the +7 rapier "Beastbane" {pain, +Blink rC+
                  | Str+3 SInv}
  1261 | D:2      | Noticed Natasha
  1269 | D:2      | Killed Natasha
  1270 | D:2      | Reached skill level 3 in Stealth
  1278 | D:2      | Reached skill level 3 in Dodging
  1278 | D:2      | Reached XP level 5. HP: 27/35 MP: 5/5
  1286 | D:2      | Gained mutation: Your muscles are strong. (Str +4, Int/Dex
                  | -1) [potion of mutation]
  1286 | D:2      | Gained mutation: You are partially covered in iridescent
                  | scales. (AC +2) [potion of mutation]
  1286 | D:2      | Gained mutation: You occasionally lose the ability to read
                  | scrolls when taking damage. [potion of mutation]
  1480 | D:2      | Noticed Natasha
  1487 | D:2      | Killed Natasha
  1697 | D:2      | Noticed Natasha
  1704 | D:2      | Killed Natasha
  2053 | D:3      | Reached XP level 6. HP: 34/41 MP: 6/6
  2068 | D:3      | Reached skill level 3 in Fighting
  2073 | D:3      | Reached skill level 4 in Stealth
  2198 | D:3      | You pick up a book of Displacement and begin reading...
  2198 | D:3      | You add the spells Lesser Beckoning, Gell's Gravitas and
                  | Teleport Other to your library.
  2473 | D:4      | Noticed Ijyb
  2482 | D:4      | Killed Ijyb
  2560 | D:4      | Noticed Edmund
  2572 | D:4      | Killed Edmund
  2710 | D:4      | Found Awkuschetu's Distillery.
  2718 | D:4      | Bought 2 potions of berserk rage for 120 gold pieces
  2718 | D:4      | Bought a potion of heal wounds for 60 gold pieces
  2753 | D:4      | Found a sparkling altar of Nemelex Xobeh.
  3317 | D:5      | Entered Level 5 of the Dungeon
  3335 | D:5      | Reached XP level 7. HP: 46/46 MP: 7/7
  3341 | D:5      | Reached skill level 4 in Dodging
  3341 | D:5      | Reached skill level 5 in Stealth
  3604 | D:5      | Reached skill level 4 in Unarmed Combat
  3700 | D:5      | Found a staircase to the Ecumenical Temple.
  3709 | Temple   | Entered the Ecumenical Temple
  3871 | D:5      | Reached skill level 4 in Fighting
  3917 | D:5      | Reached skill level 6 in Stealth
  4107 | D:6      | Reached skill level 4 in Shapeshifting
  4107 | D:6      | Reached XP level 8. HP: 54/54 MP: 8/8
  4270 | D:6      | Found a hide-covered altar of Uskayaw.
  4342 | D:6      | Found a shimmering blue altar of Sif Muna.
  4349 | D:6      | HP: 11/54 [acid dragon (4)]
  4352 | D:6      | Reached skill level 5 in Dodging
  4589 | D:6      | HP: 6/54 [ogre/+0 giant club (34)]
  4593 | D:6      | Reached skill level 5 in Fighting
  4593 | D:6      | Reached skill level 7 in Stealth
  5362 | D:7      | Found an ancient bone altar of Kikubaaqudgha.
  5372 | D:7      | Found an opulent altar of Gozag.
  5438 | D:7      | You fall into a shaft and drop 1 floor!
  5457 | D:8      | You add the spells Alistair's Intoxication, Borgnjor's Vile
                  | Clutch and Eringya's Noxious Bog to your library.
  5486 | D:8      | HP: 12/55 [centaur (2)]
  5489 | D:8      | Reached skill level 5 in Unarmed Combat
  5693 | D:8      | Reached skill level 6 in Dodging
  5693 | D:8      | Reached skill level 8 in Stealth
  5693 | D:8      | Reached XP level 9. HP: 45/61 MP: 9/9
  5871 | D:7      | Found a flagged portal.
  5879 | Bailey   | Entered a bailey
  6106 | Bailey   | Reached skill level 9 in Stealth
  6106 | Bailey   | Reached skill level 6 in Unarmed Combat
  6106 | Bailey   | Reached skill level 5 in Shapeshifting
  6209 | Bailey   | Reached skill level 7 in Dodging
  6217 | Bailey   | Noticed a two-headed ogre
  6585 | Bailey   | Killed a two-headed ogre
  6586 | Bailey   | Reached skill level 10 in Stealth
  6586 | Bailey   | Reached skill level 7 in Unarmed Combat
  6586 | Bailey   | Reached XP level 10. HP: 31/66 MP: 10/10
  7357 | D:8      | Paralysed by a hornet for 3 turns
  7360 | D:8      | HP: 2/57 [hornet (16)]
  7361 | D:8      | Slain by a hornet

Vanquished Creatures
  A two-headed ogre (Bailey)
  5 spriggans (Bailey)
  A steam dragon (Bailey)
  Edmund (D:4)
  An acid dragon (D:6)
  An ice beast (D:8)
  An orc warrior (D:8)
  A sky beast (D:7)
  A centaur (D:8)
  7 ogres
  A bullfrog (D:7)
  6 scorpions
  4 wights (D:8)
  A howler monkey (D:7)
  6 hounds
  A jelly (D:6)
  Jessica (D:2)
  5 iguanas
  Ijyb (D:4)
  Natasha (thrice) (D:2)
  3 gnolls (D:2)
  5 adders
  A white imp (D:6)
  2 worms
  4 dart slugs
  15 orcs
  5 bats
  6 endoplasms
  4 giant cockroaches
  5 goblins
  13 hobgoblins
  A quokka (D:1)
  8 ball pythons
  5 frilled lizards
  7 kobolds
  2 rats
135 creatures vanquished.

Table legend:
 A = Non-vault XP
 B = Vault XP
 C = Vault XP percentage of total XP
 D = Non-vault monster count
 E = Vault monster count
 F = Vault count percentage of total count
                 A         B        C        D         E       F
            +---------+---------+-------+---------+---------+-------
      Total |    2651 |    2958 |  52.7 |     111 |      24 |  17.8
            +---------+---------+-------+---------+---------+-------
        D:1 |      40 |       0 |   0.0 |      24 |       0 |   0.0
        D:2 |     183 |      72 |  28.2 |      23 |       2 |   8.0
        D:3 |      30 |      10 |  25.0 |      15 |       4 |  21.1
        D:4 |      27 |     220 |  89.1 |       6 |       6 |  50.0
        D:5 |     581 |       0 |   0.0 |      14 |       0 |   0.0
        D:6 |     768 |       0 |   0.0 |      13 |       0 |   0.0
        D:7 |     321 |       0 |   0.0 |       4 |       0 |   0.0
        D:8 |     701 |       0 |   0.0 |      12 |       0 |   0.0
     Bailey |       0 |    2656 | 100.0 |       0 |      12 | 100.0
            +---------+---------+-------+---------+---------+-------

Skill      XL: |  1  2  3  4  5  6  7  8  9 |
---------------+----------------------------+-----
Stealth        | 1 2 3 4 6 8 10 | 10.6
Fighting       | 2 3 4 5 |  5.0
Dodging        | 3 4 6 7 |  7.8
Unarmed Combat | 4 5 7 |  7.2
Shapeshifting  | 4 5 |  5.6

Action                     |  1- 3 |  4- 6 |  7- 9 | 10-12 || total
---------------------------+-------+-------+-------+-------++-------
  Melee: Unarmed           |    60 |    85 |    96 |    18 ||   259
         Constrict         |    16 |    26 |    26 |     5 ||    73
         Tentacles         |     7 |    15 |    18 |     5 ||    45
         Punch             |       |     4 |     4 |       ||     8
  Evoke: Wand              |       |       |    24 |       ||    24
    Use: Potion            |       |     5 |     1 |     1 ||     7
         Scroll            |       |     7 |     3 |     2 ||    12
   Stab: Sleeping          |    10 |    10 |    10 |     2 ||    32
 Armour: Skin              |    15 |    62 |    49 |    15 ||   141
  Dodge: Dodged            |    37 |    37 |    54 |    23 ||   151
   Form: Flux              |       |       |       |     1 ||     1

Illustrated notes

Table legend:
 A = Kills in this place as a percentage of kills in the entire game.
 B = Kills by you in this place as a percentage of kills by you in the entire game.
 C = Kills by friends in this place as a percentage of kills by friends in the entire game.
 D = Other kills in this place as a percentage of other kills in the entire game.
 E = Experience gained in this place as a percentage of experience gained in the entire game.
 F = Experience gained in this place divided by the number of levels of this place that you have seen.
                   A       B       C       D       E      F
               +-------+-------+-------+-------+-------+----------------------
         Total | 100.0 | 100.0 |   N/A |   N/A | 100.0 | 560.9
       Dungeon |  91.1 |  91.1 |   N/A |   N/A |  52.6 | 369.1
        Bailey |   8.9 |   8.9 |   N/A |   N/A |  47.4 | 2656.0
               +-------+-------+-------+-------+-------+----------------------

Table legend: (Time is in decaauts)
 A = Elapsed time spent in this place.
 B = Non-inter-level travel time spent in this place.
 C = Inter-level travel time spent in this place.
 D = Time resting spent in this place.
 E = Time spent auto-exploring this place.
 F = Levels seen in this place.
 G = Mean time per level.
                   A        B        C        D        E       F      G
               +--------+--------+--------+--------+--------+-----+--------+
         Total |   7338 |   7131 |    207 |    474 |   5275 |  10 |  733.8 |
       Dungeon |   6425 |   6218 |    207 |      7 |   5027 |   8 |  803.1 |
        Temple |      1 |      1 |      0 |      0 |      0 |   1 |    1.0 |
        Bailey |    910 |    910 |      0 |    467 |    248 |   1 |  910.0 |
               +--------+--------+--------+--------+--------+-----+--------+

Top non-repeatable levels by time:
     D:6: 1134 daAuts
     D:2: 983 daAuts
  Bailey: 910 daAuts
     D:4: 852 daAuts
     D:1: 837 daAuts
     D:5: 747 daAuts
     D:7: 689 daAuts
     D:3: 632 daAuts
     D:8: 549 daAuts
  Temple: 1 daAuts
